 Dungeon Crawl Stone Soup version 0.25-a0-566-g062765be81 (webtiles) character file.

Game seed: 13480772451054469290, levelgen mode: deterministic

6017 Flugslaktarn the Cleaver (level 10, -8/99 HPs)
             Began as a Deep Dwarf Fighter on Feb 27, 2020.
             Was an Elder of Makhleb.
             Mangled by Snorg (9 damage)
             ... on level 10 of the Dungeon.
             The game lasted 00:04:49 (5370 turns).

Flugslaktarn the Cleaver (Deep Dwarf Fighter)       Turns: 5370, Time: 00:04:49

Health: -8/99      AC: 19    Str: 23    XL:     10   Next: 56%
Magic:  7/7        EV:  4    Int:  9    God:    Makhleb [****..]
Gold:   662        SH: 10    Dex: 14    Spells: 9/9 levels left

rFire    . . .     SeeInvis .   a - +1 war axe
rCold    . . .     Gourm    .   c - +0 kite shield
rNeg     . . .     Faith    .   n - +4 plate armour
rPois    .         Spirit   .   b - +2 hat {MR+}
rElec    .         Reflect  .   (no cloak)
rCorr    .         Harm     .   (no gloves)
MR       ++...     Rnd*Rage +   (no boots)
Stlth    ..........             (no amulet)
HPRegen  0.00/turn              (no ring)
MPRegen  0.10/turn              (no ring)

@: mighty, non-regenerating, hasted, very quick
A: damage resistance, heal wounds, agile 1, berserk 1, sense surroundings 2, no
regeneration
a: Heal Wounds, Minor Destruction, Lesser Servant of Makhleb, Major Destruction,
Renounce Religion


You were on level 10 of the Dungeon.
You worshipped Makhleb.
Makhleb was greatly pleased with you.
You were not hungry.

You visited 2 branches of the dungeon, and saw 11 of its levels.
You also visited: Ossuary.

You collected 746 gold pieces.
You spent 84 gold pieces at shops.

Inventory:

Hand Weapons
 a - a +1 war axe (weapon)
Missiles
 E - a throwing net (quivered)
Armour
 b - a +2 hat of magic resistance (worn)
   (You took it off Gastronok on level 8 of the Dungeon)
 c - a +0 kite shield (worn)
 n - a +4 plate armour (worn)
   (You found it on level 1 of the Dungeon)
 C - a +0 helmet
   (You found it on level 8 of the Dungeon)
Jewellery
 f - a +1 ring of evasion {unknown}
   (You found it on level 1 of the Dungeon)
 g - the ring "Qackustoik" {rElec rPois MR+ Stlth-, unknown}
   (You found it on level 7 of the Dungeon)

   [ring of poison resistance]

   It insulates you from electricity.
   It protects you from poison.
   It affects your resistance to hostile enchantments.
   It makes you less stealthy.
 s - an uncursed amulet of faith {unknown}
   (You found it on level 4 of the Dungeon)
 u - an uncursed ring of positive energy {unknown}
   (You found it on level 4 of the Dungeon)
 B - an uncursed amulet of rage {unknown}
   (You found it on level 8 of the Dungeon)
 D - an uncursed ring of positive energy {unknown}
   (You found it on level 8 of the Dungeon)
Wands
 m - a wand of paralysis (13)
   (You found it on level 3 of the Dungeon)
 A - a wand of clouds (4)
   (You took it off Maurice on level 8 of the Dungeon)
Scrolls
 i - a scroll of magic mapping
 o - a scroll of immolation {unknown}
 p - a scroll of enchant armour {unknown}
 t - 6 scrolls of fog
 x - 8 scrolls of remove curse
 z - a scroll of blinking
Potions
 j - 2 potions of resistance {unknown}
 k - 2 potions of brilliance {unknown}
 l - 2 potions of ambrosia
 q - 5 potions of curing
 v - a potion of magic {unknown}
 w - a potion of heal wounds
 y - 2 potions of degeneration {unknown}
Comestibles
 e - 15 rations


   Skills:
 * Level 9.0 Fighting
 * Level 10.4 Axes
 + Level 7.8 Armour
 - Level 3.2 Shields
 + Level 8.0 Invocations


You had 9 spell levels left.
You didn't know any spells.
Your spell library was empty.

Dungeon Overview and Level Annotations

Branches:
Dungeon (10/15)            Temple (1/1) D:4            Lair (0/6) D:9
Ossuary (visited)
    Orc: D:9-12

Altars:
Ashenzari
Cheibriados
Dithmenos
Elyvilon
Fedhas
Gozag
Hepliaklqana
Kikubaaqudgha
Makhleb
Nemelex Xobeh
Okawaru
Qazlal
Ru
Sif Muna
Trog
Uskayaw
Vehumet
Wu Jian
Xom
Yredelemnul
The Shining One

Shops:
D:5 :   D:6 %%[?[

Annotations:
D:7 exclusion: 2 goblins
D:10 Snorg


Innate Abilities, Weirdness & Mutations

You are resistant to damage.
You can heal yourself by infusing magical energy.
You passively map the area around you.
You do not regenerate.
You are agile. (Dex +2)
You tend to lose your temper in combat.


Message History

Snorg bites you! You block Snorg's attack. Snorg claws you but does no damage.
You completely miss Snorg.
Snorg is moderately wounded.
Snorg bites you but does no damage. Snorg completely misses you.
Snorg claws you but does no damage.
You slice Snorg!!
Snorg is heavily wounded.
Snorg bites you! Snorg claws you! x2
* * * LOW HITPOINT WARNING * * *
You closely miss Snorg.
Snorg is heavily wounded.
Snorg bites you!!
* * * LOW HITPOINT WARNING * * *
Snorg claws you!
* * * LOW HITPOINT WARNING * * *
Snorg claws you.
You barely miss Snorg.
Snorg is heavily wounded.
Snorg bites you!
You die...

, , , + *,,
.........#* * * *
,........# * , , **
,,.......# , , , ,,
.[.... * , , ,, * ,
...., , * , , ..#* ,
,
############.#######*
, ,
...........@T.......,
,
*.#####.####.#######
* **, * #.# #.# , #.#
#.# *, * #.#####.#
#.# * , , #.......#
#.# , ........####.#
* , ,...........#.# ,
* .............# * ,
+, ,


You could see Snorg (berserk).

Vanquished Creatures
  Gastronok (D:8)
  Maurice (D:8)
  A komodo dragon (D:9)
  2 wyverns (D:8)
  3 hungry ghosts
  A water moccasin (D:8)
  An orc warrior (D:6)
  2 necrophages
  2 sky beasts
  2 phantoms
  6 ogres
  2 centaurs (D:8)
  A big kobold (D:8)
  2 bullfrogs
  A scorpion (D:9)
  An electric eel (D:7)
  2 crimson imps
  A bullfrog zombie (D:8)
  2 jellies
  2 hounds
  8 orc priests
  2 centaur skeletons
  Jessica (D:2)
  A bullfrog skeleton (D:9)
  4 iguanas
  7 orc wizards
  7 worker ants
  2 hound skeletons
  9 mummies
  2 worker ant zombies
  8 adders
  3 shadow imps
  A dart slug (D:1)
  6 leopard geckos
  37 orcs
  A giant cockroach (D:5)
  6 goblins
  2 hobgoblins (D:1)
  10 jackals
  4 quokkas
  A bat (D:3)
  2 frilled lizards
  A gnoll zombie (Ossuary)
  A goblin zombie (D:4)
  A hobgoblin zombie (Ossuary)
  13 kobolds
  4 kobold zombies (Ossuary)
  A leopard gecko skeleton (D:8)
  3 orc zombies
184 creatures vanquished.

Vanquished Creatures (others)
  A plant (D:9)
1 creature vanquished.

Grand Total: 185 creatures vanquished

Notes
Turn   | Place    | Note
-------+----------+-------------------------------------------
     0 | D:1      | Flugslaktarn the Deep Dwarf Fighter began the quest for the
                  | Orb.
     0 | D:1      | Reached XP level 1. HP: 20/20 MP: 1/1
   299 | D:1      | Reached XP level 2. HP: 27/27 MP: 2/2
   414 | D:2      | Noticed Jessica
   418 | D:2      | Killed Jessica
   418 | D:2      | Reached skill level 3 in Axes
   418 | D:2      | Reached XP level 3. HP: 31/34 MP: 3/3
   485 | D:3      | Found a faded altar of an unknown god.
   561 | D:3      | Reached XP level 4. HP: 41/42 MP: 4/4
   563 | D:3      | Noticed a gnoll sergeant
   697 | D:4      | Found a staircase to the Ecumenical Temple.
   730 | D:4      | Reached skill level 4 in Axes
   764 | Temple   | Entered the Ecumenical Temple
   773 | Temple   | Became a worshipper of Makhleb the Destroyer
   806 | D:4      | Reached XP level 5. HP: 45/50 MP: 3/3
   867 | D:4      | Found a sand-covered staircase.
   877 | Ossuary  | Entered an ossuary
   908 | Ossuary  | Reached skill level 1 in Invocations
   955 | Ossuary  | Reached XP level 6. HP: 45/58 MP: 4/4
  1309 | D:4      | Reached * piety under Makhleb
  1441 | D:5      | Entered Level 5 of the Dungeon
  1470 | D:5      | Reached skill level 5 in Axes
  1529 | D:5      | Found Sufulir's Book Boutique.
  1697 | D:5      | Reached XP level 7. HP: 38/66 MP: 3/5
  1749 | D:5      | Reached skill level 5 in Fighting
  1922 | D:5      | Reached skill level 5 in Armour
  2017 | D:5      | Reached skill level 6 in Axes
  2079 | D:5      | Reached ** piety under Makhleb
  2551 | D:6      | Reached XP level 8. HP: 32/76 MP: 5/7
  2555 | D:6      | Found Zucw's Food Shoppe.
  2657 | D:6      | Found Tussubb's Food Shop.
  2706 | D:6      | Reached skill level 7 in Axes
  2739 | D:6      | Found Laip's Magic Scroll Boutique.
  2747 | D:6      | Bought 3 scrolls of fog for 84 gold pieces
  2770 | D:6      | Found Jequad's Armour Emporium.
  2835 | D:6      | Reached skill level 5 in Invocations
  3012 | D:6      | Found Kushrifuo's Armour Shop.
  3260 | D:7      | Found a sacrificial altar of Ru.
  3261 | D:7      | Found a shadowy altar of Dithmenos.
  3261 | D:7      | Found a snail-covered altar of Cheibriados.
  3325 | D:7      | Got a flickering amber ring
  3381 | D:7      | Found an iron altar of Okawaru.
  3484 | D:7      | Gained mutation: You passively map the area around you.
                  | [Deep Dwarf growth]
  3484 | D:7      | Reached XP level 9. HP: 41/85 MP: 8/8
  3634 | D:7      | Reached *** piety under Makhleb
  3687 | D:7      | Reached skill level 8 in Axes
  3790 | D:8      | Noticed Gastronok
  3804 | D:8      | Gained mutation: You tend to lose your temper in combat.
                  | [potion of mutation]
  3804 | D:8      | Gained mutation: You are agile. (Dex +2) [potion of
                  | mutation]
  3831 | D:8      | Killed Gastronok
  3831 | D:8      | Reached skill level 9 in Axes
  3831 | D:8      | Reached XP level 10. HP: 39/96 MP: 7/9
  3915 | D:8      | Noticed Maurice
  3934 | D:8      | Killed Maurice
  4009 | D:8      | Found a blossoming altar of Fedhas.
  4105 | D:8      | Reached skill level 10 in Axes
  4570 | D:9      | Reached **** piety under Makhleb
  4729 | D:9      | Found a staircase to the Lair.
  4916 | D:9      | Found a shimmering blue altar of Sif Muna.
  5331 | D:10     | Entered Level 10 of the Dungeon
  5346 | D:10     | Noticed Snorg
  5369 | D:10     | HP: 1/99 [Snorg (11)]
  5370 | D:10     | Mangled by Snorg

Levels and vault maps discovered:
D:1:      elethiomel_arrival_maze, layout_loops_ring
D:2:      layout_basic, first_ration, uniq_jessica
D:3:      layout_rooms, zin_treasury, chequers_ecumenical_altar_simple_redux
D:4:      layout_gridville, temple_doors_e, nicolae_ossuary_entry_giza
D:5:      layout_basic, serial_shops, nicolae_shop_waterfront
D:6:      layout_basic, serial_shops, shop, shop, kennysheep_mini, shop_coins,
          shop
D:7:      layout_gridville, kennysheep_okawaru_gauntlet,
          chequers_temple_overflow_statue_of_worship, serial_bayou_crossing
D:8:      layout_loops_ring, fedhas_bush_and_centaur_altar, uniq_gastronok,
          uniq_maurice
D:9:      layout_gridville, overflow_temple_1_default, david_lair_shrubbed,
          grunt_ogre_cave
D:10:     minmay_bubble_buster, layout_basic,
          eino_small_chamber_without_monster, uniq_snorg
Temple:   nicolae_temple_no_exploring_needed

Skill      XL: |  1  2  3  4  5  6  7  8  9 10 |
---------------+-------------------------------+-----
Fighting       | 3 4 5 6 8 9 |  9.0
Axes           | 3 4 5 6 7 9 10 | 10.4
Armour         | 4 5 6 7 |  7.8
Invocations    | 1 2 4 5 7 8 |  8.0
Shields        | |  3.2

Action                   |  1- 3 |  4- 6 |  7- 9 | 10-12 || total
-------------------------+-------+-------+-------+-------++-------
Melee: War axe           |    83 |   233 |   260 |   189 ||   765
 Abil: Heal Wounds       |     2 |    18 |     8 |     7 ||    35
  Use: Scroll            |       |     5 |     5 |       ||    10
       Potion            |       |     2 |     5 |     2 ||     9
 Stab: Confused          |       |       |       |     3 ||     3
  Eat: Ration            |       |     1 |     2 |     3 ||     6
       Chunk             |       |       |    10 |     5 ||    15
Armor: Plate armour      |    44 |   219 |   168 |    95 ||   526
       Scale mail        |     4 |       |       |       ||     4
Dodge: Dodged            |    18 |    35 |    31 |    26 ||   110
Block: Kite shield       |    45 |   135 |    98 |   100 ||   378

Table legend:
 A = Non-vault XP
 B = Vault XP
 C = Vault XP percentage of total XP
 D = Non-vault monster count
 E = Vault monster count
 F = Vault count percentage of total count
                 A         B        C        D         E       F
            +---------+---------+-------+---------+---------+-------
      Total |    5003 |    3594 |  41.8 |     159 |      25 |  13.6
            +---------+---------+-------+---------+---------+-------
        D:1 |      23 |       0 |   0.0 |      12 |       0 |   0.0
        D:2 |      19 |      37 |  66.1 |       4 |       1 |  20.0
        D:3 |      40 |       0 |   0.0 |      17 |       0 |   0.0
        D:4 |     180 |      20 |  10.0 |      10 |       3 |  23.1
        D:5 |     781 |       0 |   0.0 |      36 |       0 |   0.0
        D:6 |     976 |       0 |   0.0 |      20 |       0 |   0.0
        D:7 |     795 |       0 |   0.0 |      20 |       0 |   0.0
        D:8 |    1281 |    2899 |  69.4 |      20 |       3 |  13.0
        D:9 |     908 |     483 |  34.7 |      20 |       2 |   9.1
    Ossuary |       0 |     155 | 100.0 |       0 |      16 | 100.0
            +---------+---------+-------+---------+---------+-------
